Map: Ephemeron LE

Players

Cyanine - Winner!

  • Race: Terran Terran
  • League: Grandmaster
  • Spawn Location: 11:00

A.I. 1 (Very Easy)

  • Race: Zerg Zerg
  • Spawn Location: 5:00

VOD

Have the link to the VOD?

Description

Time

  • Played on: March 6, 2020, 12:55 p.m.
  • Length: 10:13
Show
View Real Time Build Order
Export as new Build Order

Cyanine Terran - Winner!

Build Orders: Liberator Opening, Reaper Expand 

Get SALT Encoding   

  12  0:00  SCV  
  13  0:13  SCV  
  14  0:17  Supply Depot  
  14  0:25  SCV  
  15  0:38  SCV  
  15  0:39  Barracks  
  16  0:44  Refinery  
  16  0:50  SCV  
  17  1:02  SCV  
  18  1:14  SCV  
  19  1:27  Reaper, Orbital Command  
  20  1:40  Command Center  
  20  1:48  Supply Depot  
  20  1:52  SCV  
  21  1:58  Marine  
  22  2:05  Factory  
  22  2:08  SCV  
  23  2:13  Refinery  
  23  2:20  SCV  
  23  2:21  Barracks Reactor  
  24  2:32  SCV  
  26  2:44  SCV  
  26  2:50  Starport  
  26  2:52  Orbital Command  
  26  2:56  SCV  
  27  3:01  Hellion x2  
  27  3:05  Barracks Tech Lab  
  31  3:08  SCV  
  32  3:18  SCV  
  33  3:20  SCV  
  33  3:23  Hellion x2  
  38  3:28  Liberator  
  38  3:32  Supply Depot  
  41  3:34  SCV  
  42  3:44  Hellion x2  
  42  3:47  Stimpack  
  46  3:53  SCV x2  
  48  3:56  Supply Depot  
  48  4:05  SCV  
  48  4:06  SCV  
  50  4:14  Factory Tech Lab  
  50  4:16  Starport Reactor  
  50  4:18  SCV x2  
  50  4:19  Command Center  
  52  4:26  Supply Depot  
  52  4:29  Barracks  
  52  4:30  SCV, Barracks  
  52  4:31  SCV  
  54  4:37  Siege Tank  
  57  4:42  SCV  
  57  4:43  SCV  
  59  4:47  Engineering Bay  
  59  4:48  Engineering Bay  
  59  4:54  SCV  
  59  4:55  SCV  
  61  5:00  Refinery  
  61  5:02  Starport Reactor, Refinery, Marine  
  61  5:06  SCV  
  63  5:07  SCV  
  63  5:09  Siege Tank  
  63  5:11  Supply Depot  
  67  5:15  Terran Infantry Weapons Level 1  
  67  5:18  SCV  
  67  5:19  SCV  
  66  5:22  Marine x2  
  66  5:23  Marine  
  66  5:24  Terran Infantry Armor Level 1  
  66  5:28  Marine  
  70  5:31  SCV x2, Marine  
  70  5:33  Orbital Command  
  70  5:34  Combat Shield  
  73  5:40  Marine x3  
  76  5:46  Marine  
  76  5:48  Marine  
  78  5:53  Medivac x2  
  78  5:54  SCV x2  
  84  6:04  Orbital Command  
  84  6:06  SCV, Supply Depot  
  84  6:08  Marine x2  
  84  6:09  Marine x3  
  91  6:21  Supply Depot  
  91  6:22  SCV, Supply Depot  
  92  6:26  Marine  
  92  6:27  SCV, Marine x4  
  92  6:28  Barracks  
  92  6:29  Barracks  
  92  6:31  Armory  
  97  6:34  SCV  
  97  6:37  SCV  
  99  6:44  Supply Depot  
  99  6:45  Marine x3  
  99  6:46  SCV, Marine x2  
  108  6:47  Siege Tank  
  108  6:48  Supply Depot  
  108  6:49  SCV  
  108  6:50  SCV  
  110  6:59  SCV  
  110  7:01  SCV  
  112  7:02  SCV  
  112  7:03  Medivac, Marine x2  
  112  7:05  Marine x3  
  112  7:06  Medivac  
  122  7:10  Supply Depot  
  122  7:16  Barracks Reactor x2  
  122  7:18  Terran Infantry Armor Level 2, Terran Infantry Weapons Level 2  
  122  7:22  SCV  
  123  7:23  Marine  
  123  7:24  Marauder, Marine x3  
  123  7:29  Barracks  
  129  7:30  Barracks x2  
  129  7:34  Medivac  
  133  7:38  Supply Depot, Siege Tank  
  133  7:41  Marine x3  
  133  7:42  Marine  
  138  7:45  Refinery  
  138  7:50  Concussive Shells  
  140  7:51  Marauder  
  140  7:53  Marine  
  141  7:58  Supply Depot  
  141  7:59  Supply Depot, Marine x7  
  148  8:14  Marine  
  148  8:16  Barracks Tech Lab x2  
  148  8:17  Barracks Tech Lab  
  148  8:19  Marine x6  
  149  8:20  Supply Depot, Marauder, Marine  
  149  8:21  Siege Tank  
  149  8:22  Medivac x2  
  149  8:24  Supply Depot  
  165  8:29  Supply Depot  
  165  8:40  SCV x2, Marauder x3  
  173  8:42  SCV, Marauder  
  176  8:49  Marine x4  
  176  8:50  Marine x4  
  176  8:52  Medivac x2  
  176  8:53  Supply Depot  
  176  8:54  Supply Depot  
  188  8:58  Siege Tank  
  188  9:02  Marauder x3  
  197  9:05  Command Center  
  197  9:15  Marauder  
  197  9:16  Refinery  
  197  9:17  Supply Depot  
  199  9:29  Marine  
  200  9:48  Supply Depot  
Show
View Real Time Build Order
Export as new Build Order

A.I. 1 (Very Easy) Zerg 

Build Orders: Hatch First 

Get SALT Encoding   

  12  0:01  Drone  
  13  0:12  Overlord  
  13  0:17  Drone  
  14  0:43  Hatchery  
  14  0:45  Drone  
  14  1:02  Spawning Pool  
  13  1:05  Drone  
  13  1:09  Extractor  
  13  1:12  Drone  
  14  1:20  Overlord  
  14  1:50  Zergling x2  
  14  1:51  Queen  
  14  1:52  Zergling x2  
  18  1:57  Roach Warren  
  17  2:03  Drone  
  17  2:07  Extractor  
  17  2:12  Drone  
  18  2:17  Zergling x2  
  18  2:22  Drone  
  20  2:29  Drone  
  21  2:37  Drone  
  22  2:44  Drone  
  23  2:51  Drone  
  24  2:58  Drone  
  25  3:02  Roach  
  25  3:05  Drone  
  28  3:12  Overlord  
  28  3:16  Drone  
  29  3:24  Drone  
  30  3:30  Lair  
  30  3:31  Drone  
  31  3:43  Drone  
  31  3:47  Roach  
  33  3:51  Drone  
  34  3:58  Drone  
  35  4:05  Drone  
  35  4:07  Overlord  
  36  4:12  Drone  
  37  4:19  Drone  
  38  4:27  Drone  
  38  4:28  Overseer  
  38  4:30  Overseer  
  39  4:32  Ravager  
  39  4:33  Roach  
  39  4:34  Drone  
  43  4:41  Drone  
  44  4:48  Drone  
  44  4:49  Overlord  
  44  4:50  Extractor  
  44  4:55  Drone  
  40  5:03  Drone  
  40  5:05  Extractor  
  34  5:10  Drone  
  29  5:17  Drone  
  26  5:24  Drone  
  27  5:32  Drone  
  28  5:39  Drone  
  29  5:46  Drone  
  30  5:53  Drone  
  31  6:00  Drone  
  32  6:07  Drone  
  33  6:14  Drone  
  34  6:22  Drone  
  35  6:29  Drone  
  36  6:36  Drone  
  37  6:43  Drone  
  38  6:50  Drone  
  39  6:58  Drone  
  40  7:05  Drone  
  41  7:12  Drone  
  41  7:13  Zergling x2  
  41  7:18  Queen  
  41  7:20  Overseer, Drone  
  35  7:27  Drone  
  33  7:34  Drone  
  30  7:37  Overlord  
  30  7:41  Drone  
  26  7:48  Drone  
  26  7:56  Drone  
  27  8:03  Drone  
  27  8:11  Drone  
  27  8:23  Drone  
  28  8:27  Zergling x2  
  28  8:30  Drone  
  29  8:38  Drone  
  29  8:41  Overseer  
  30  8:47  Drone  
  31  8:55  Overlord  
  30  8:57  Drone  
  30  8:59  Hatchery  
  29  9:12  Zergling x2, Drone  
  31  9:23  Drone  
  31  9:30  Drone  
  32  9:32  Hatchery  
  32  9:37  Drone  
  32  9:39  Overlord, Overseer  
  32  9:52  Drone  
Tags
 
Add a new tag
Caveats
  • Supply blocks, unpowered buildings, or Contaminate may cause inaccurate times.
  • Supply counts are checked every 10 seconds.